 Dungeon Crawl Stone Soup version 0.26.0-20-g3ca415f5b8 (webtiles) character file.

Game seed: 7266154595941989264

382 thiole the Sneak (level 6, -5/39 HPs)
             Began as an Octopode Hedge Wizard on Jan 25, 2021.
             Slain by a phantom (7 damage)
             ... on level 4 of the Dungeon.
             The game lasted 00:10:29 (5629 turns).

thiole the Sneak (Octopode Hedge Wizard)            Turns: 5629, Time: 00:10:29

Health: -5/39      AC:  1    Str:  9    XL:     6   Next: 76%
Magic:  11/12      EV:  8    Int: 18    God:
Gold:   170        SH: 10    Dex: 12    Spells: 5/13 levels left

rFire    . . .     SeeInvis .   a - +0 dagger
rCold    . . .     Faith    .   o - +0 tower shield
rNeg     . . .     Spirit   .   b - +0 hat
rPois    .         Reflect  .   (no amulet)
rElec    .         Harm     .   (no ring)
rCorr    .         Rampage  .   (no ring)
Will     .....                  (no ring)
Stlth    ++++......             (no ring)
HPRegen  0.13/turn              (no ring)
MPRegen  0.13/turn              (no ring)
                                (no ring)
                                (no ring)

@: berserk cooldown, slowed, very slow
A: almost no armour, stealthy swim, amphibious, 8 rings, constrict 8, camouflage
1, gelatinous body 1
a: no special abilities


You were on level 4 of the Dungeon.
You visited 1 branch of the dungeon, and saw 4 of its levels.

You collected 170 gold pieces.

Inventory:

Hand Weapons
 a - a +0 dagger (weapon)
Missiles
 d - 57 stones
Armour
 b - a +0 hat (worn)
 o - a +0 tower shield (worn)
Scrolls
 f - a scroll of noise {unknown}
 g - 2 scrolls of remove curse {unknown}
 h - 3 scrolls of identify {unknown}
 i - a scroll of amnesia {unknown}
 k - a scroll of fear {unknown}
 m - 2 scrolls of teleportation {unknown}
Potions
 c - a potion of flight
 n - 2 potions of heal wounds {unknown}


   Skills:
 + Level 2.1 Fighting
 - Level 2.0 Dodging
 - Level 5.0 Stealth
 + Level 1.6 Shields
 - Level 4.0 Spellcasting
 - Level 2.0 Conjurations
 - Level 2.0 Summonings
 - Level 1.0 Translocations
 - Level 2.2 Air Magic
 - Level 2.0 Poison Magic


You had 5 spell levels left.
You knew the following spells:

 Your Spells              Type           Power        Failure   Level
a - Magic Dart            Conj           40%          78%         1
b - Call Imp              Summ           10%          89%         2
c - Slow                  Hex            3%           99%         2
d - Mephitic Cloud        Conj/Pois/Air  11%          98%         3

Your spell library contained the following spells:

 Spells                   Type           Power        Failure   Level
 Blink                    Tloc           N/A          96%         2
 Conjure Flame            Conj/Fire      7%           99%         3


Dungeon Overview and Level Annotations

Branches:
Dungeon (4/15)
 Temple: D:4-7

Altars:
Trog

Shops:
D:4 }**


Innate Abilities, Weirdness & Mutations

You cannot wear most types of armour.
You are very stealthy in the water. (Stealth+)
You are amphibious.
You can wear up to eight rings at the same time.
You can use your tentacles to constrict eight enemies at once.
Your skin changes colour to match your surroundings (Stealth+).
Your rubbery body absorbs attacks. (AC +1, EV +1)


Message History

You pass out from exhaustion.
You feel yourself slow down.
You can move again.
Your magical contamination has completely faded away.
You closely miss the phantom.
The phantom blinks!
You open the door. You block the phantom's attack.
You barely miss the phantom.
The phantom is moderately damaged.
The phantom closely misses you.
You hit the phantom.
The phantom is moderately damaged.
The phantom hits you.
* * * LOW HITPOINT WARNING * * *
You block the phantom's attack.
Found Pamaminu's General Store.
There is an open door here.
You closely miss the phantom.
The phantom is moderately damaged.
The phantom blinks!
You block the phantom's attack. The phantom hits you!
You die...

... #.....>... ...
.........## ..
#####.......#≈≈
#.####......W!...≈≈≈
..#....†........≈≈∩
#.#..###'###....≈≈≈
#.#..# #.# .....≈≈
#....###)###.....#
####..#.###_.W@....#
###.......###.###W..##
....##.#..# #.# .###
.....#..#.# #'# .#
.....##.[...... .#
.....# ....#### ##
............#
.####.......# .#
.......#


You could see 2 phantoms.

Vanquished Creatures
  An ogre (D:4)
  2 howler monkeys (D:4)
  2 worker ants (D:3)
  A hound skeleton (D:4)
  7 adders
  A worm (D:2)
  2 dart slugs
  3 leopard geckos
  7 orcs
  2 giant cockroaches (D:1)
  10 goblins
  5 hobgoblins
  12 jackals
  6 kobolds
  4 ball pythons
  7 bats
  6 frilled lizards
  11 rats
89 creatures vanquished.

Vanquished Creatures (collateral kills)
  An adder (D:3)
  A worm (D:3)
  An orc (D:3)
  2 kobolds (D:3)
5 creatures vanquished.

Grand Total: 94 creatures vanquished

Notes
Turn   | Place    | Note
-------+----------+-------------------------------------------
     0 | D:1      | thiole the Octopode Hedge Wizard began the quest for the
                  | Orb.
     0 | D:1      | Reached XP level 1. HP: 11/11 MP: 4/4
   156 | D:1      | Reached XP level 2. HP: 17/17 MP: 0/6
   352 | D:1      | Reached skill level 3 in Stealth
   573 | D:1      | Reached XP level 3. HP: 21/21 MP: 2/7
  1807 | D:2      | Reached XP level 4. HP: 27/27 MP: 2/9
  1810 | D:2      | Learned a level 2 spell: Call Imp
  1813 | D:2      | Learned a level 2 spell: Slow
  1817 | D:2      | Learned a level 3 spell: Mephitic Cloud
  2737 | D:3      | Reached skill level 4 in Stealth
  2737 | D:3      | Reached skill level 1 in Poison Magic
  2899 | D:3      | Reached skill level 1 in Air Magic
  3655 | D:3      | Reached XP level 5. HP: 28/31 MP: 6/10
  4898 | D:2      | Noticed an ogre
  5031 | D:4      | Found Loomept's Gadget Shoppe.
  5072 | D:4      | Noticed a phantom
  5218 | D:4      | Noticed an ogre
  5545 | D:4      | Reached XP level 6. HP: 36/37 MP: 11/11
  5560 | D:4      | Found Sehoj's General Store.
  5566 | D:4      | Reached skill level 1 in Fighting
  5566 | D:4      | Reached skill level 1 in Shields
  5574 | D:4      | Found a bloodstained altar of Trog.
  5581 | D:4      | Noticed a phantom
  5618 | D:4      | Reached skill level 5 in Stealth
  5628 | D:4      | Found Pamaminu's General Store.
  5629 | D:4      | Slain by a phantom

Illustrated notes

Levels and vault maps discovered:
D:1:      mrwooster_arrival_statue_2, layout_loops_ring, patterned_corridor
D:2:      layout_basic, lemuel_coloured_pillars_altar
D:3:      minmay_razor_zed, layout_loops_corners, st_stairs_14
D:4:      layout_rooms, kennysheep_mini, lemuel_doored_altar, temple_hall,
          serial_shops, nicolae_shop_waterfront, kennysheep_little_box, shop,
          shop, uniq_grinder

Skill      XL: |  1  2  3  4  5  6 |
---------------+-------------------+-----
Stealth        | 3 4 5 |  5.0
Conjurations   | 2 |  2.0
Summonings     | 2 |  2.0
Poison Magic   | 1 2 |  2.0
Air Magic      | 1 2 |  2.2
Fighting       | 2 |  2.1
Shields        | 1 |  1.6
Spellcasting   | 4 |  4.0
Dodging        | |  2.0
Translocations | |  1.0

Action                   |  1- 3 |  4- 6 || total
-------------------------+-------+-------++-------
Melee: Dagger            |    35 |    94 ||   129
       Constrict         |    12 |    22 ||    34
       Tentacles         |     4 |    19 ||    23
 Cast: Magic Dart        |    60 |   120 ||   180
       Call Imp          |       |     7 ||     7
  Use: Potion            |       |     9 ||     9
 Stab: Sleeping          |       |     1 ||     1
Armor: Skin              |     3 |    15 ||    18
Dodge: Dodged            |    23 |    74 ||    97
Block: Tower shield      |       |    34 ||    34
